 Dungeon Crawl Stone Soup version 0.29.1-1-gd02db6906a (webtiles) character file.

Game seed: 189181375207137007

1911 AlexRAT the Chopper (level 8, -9/109 (111) HPs)
             Began as a Minotaur Berserker on Oct 11, 2022.
             Was a Priest of Trog.
             Mangled by a two-headed ogre
             ... wielding a +0 giant club
              (17 damage)
             ... on level 6 of the Dungeon.
             The game lasted 00:05:26 (4577 turns).

AlexRAT the Chopper (Minotaur Berserker)            Turns: 4577, Time: 00:05:29

HP:   -9/109 (111)  AC: 11    Str: 24    XL:     8   Next: 95%
MP:   7/7           EV: 10    Int:  4    God:    Trog [***...]
Gold: 155           SH:  0    Dex: 10    Spells: 7/7 levels left

rFire   . . .      SeeInvis .   G - +3 battleaxe
rCold   . . .      Faith    .   (shield currently unavailable)
rNeg    . . .      Spirit   .   o - +0 chain mail
rPois   .          Reflect  .   (helmet restricted)
rElec   .          Harm     .   C - scarf {+Inv}
rCorr   .          Rampage  .   (no gloves)
Will    .....                   H - +0 pair of boots
Stlth   ..........              n - amulet of regeneration
HPRegen 1.08/turn               (no ring)
MPRegen 0.10/turn               (no ring)

@: berserking, lethally poisoned (-9 -> -10), lightly drained, very quick
A: horns 2, retaliatory headbutt
a: Renounce Religion, Evoke Invisibility, Berserk, Trog's Hand


You were on level 6 of the Dungeon.
You worshipped Trog.
Trog was most pleased with you.
You visited 1 branch of the dungeon, and saw 6 of its levels.

You collected 155 gold pieces.

Inventory:

Hand Weapons
 a - a +0 hand axe
 r - a +4 trident
 G - a +3 battleaxe (weapon)
Armour
 b - a +0 animal skin
 l - a +0 leather armour
 o - a +0 chain mail (worn)
 x - a +0 cloak
 C - a scarf of invisibility (worn)
 H - a +0 pair of boots (worn)
Jewellery
 c - an amulet of magic regeneration
 n - an amulet of regeneration (around neck)
 v - the ring "Hiawirchi" {Int+5 Dex+6}
   (You found it on level 4 of the Dungeon)

   [ring of dexterity]

   Int:       It affects your intelligence (+5).
   Dex:       It affects your dexterity (+6).
Wands
 E - a wand of polymorph (11)
Scrolls
 g - 5 scrolls of identify {unknown}
 i - a scroll of noise {unknown}
 k - 3 scrolls of immolation {unknown}
 m - 2 scrolls of fear {unknown}
 p - a scroll of torment {unknown}
 s - a scroll of enchant armour {unknown}
 t - a scroll of poison {unknown}
 w - 4 scrolls of teleportation {unknown}
 y - a scroll of vulnerability {unknown}
 A - a scroll of enchant weapon {unknown}
 F - a scroll of brand weapon {unknown}
Potions
 d - a potion of resistance {unknown}
 e - 2 potions of attraction {unknown}
 f - a potion of curing {unknown}
 h - 5 potions of heal wounds {unknown}
 j - 2 potions of flight {unknown}
 q - a potion of lignification {unknown}
 u - 2 potions of haste {unknown}
 z - 3 potions of mutation {unknown}
 B - 2 potions of ambrosia {unknown}
 D - a potion of degeneration {unknown}


   Skills:
 + Level 7.8 Fighting
 + Level 7.9 Axes
 + Level 7.3 Armour
 + Level 6.7 Dodging


You had 7 spell levels left.
You didn't know any spells.
Your spell library was empty.

Dungeon Overview and Level Annotations

Branches:
Dungeon (6/15)
 Temple: D:4-7

Altars:
Gozag
Vehumet
Yredelemnul


Innate Abilities, Weirdness & Mutations

You have a pair of horns on your head.
You reflexively headbutt those who attack you in melee.


Message History

You furiously retaliate!
You headbutt the killer bee. The killer bee completely misses you.
You furiously retaliate!
You headbutt the killer bee! You closely miss the killer bee.
You headbutt the killer bee, but do no damage.
The killer bee is severely wounded.
You slash the two-headed ogre! The killer bee stings you.
You are poisoned.
The killer bee poisons you!
The killer bee stings you but does no damage.
The two-headed ogre hits you with a +0 giant club!!
The two-headed ogre barely misses you. The killer bee barely misses you.
You furiously retaliate!
You headbutt the killer bee. You barely miss the killer bee.
The killer bee is severely wounded.
You hit the two-headed ogre.
You feel very sick.
The killer bee stings you but does no damage.
The killer bee barely misses you. You furiously retaliate!
You headbutt the killer bee, but do no damage.
The two-headed ogre hits you with a +0 giant club! x2
A red film seems to cover your vision as you go berserk!
You feel yourself moving faster!
You feel mighty!
You feel sick. The killer bee barely misses you. The killer bee stings you.
* * * LOW HITPOINT WARNING * * *
You miss the killer bee.
The killer bee is severely wounded.
You hit the two-headed ogre.
You feel sick.
The killer bee stings you but does no damage.
The two-headed ogre hits you with a +0 giant club!!
* * * LOW HITPOINT WARNING * * *
The two-headed ogre closely misses you. The killer bee stings you.
* * * LOW HITPOINT WARNING * * *
You barely miss the killer bee. Your headbutt misses the killer bee.
The killer bee is heavily wounded.
You hit the two-headed ogre.
The killer bee stings you but does no damage.
The killer bee barely misses you.
The two-headed ogre hits you with a +0 giant club!
You die...

......# ... #..
.....## ≈≈≈≈≈≈≈≈##
... +.. ....##
≈≈≈≈≈≈≈≈≈## #.. #..
.÷.## ≈≈≈≈≈≈≈≈≈≈##
#.# ##. ..##
≈≈≈≈≈≈≈≈≈≈≈###.# ##
..#
≈≈≈≈≈≈≈≈≈≈≈≈##.# #
#'#
≈≈≈≈≈≈≈≈≈≈≈##.#####
#.#
#..#≈≈≈≈≈≈≈#......#
#.#
#..y@....'.####.#
#.# #..O.....'.#
#.# ..#
#..#≈≈≈≈≈≈≈### #†#
# >.# ≈≈≈≈≈≈≈≈≈≈≈≈#
#.# # ..#
≈≈≈≈≈≈≈≈≈≈≈≈#
#.##### ..#
≈≈≈≈≈≈≈≈≈≈≈##
#...... #.#
≈≈≈≈≈≈≈≈≈≈##
####### #.#
≈≈≈≈≈≈≈≈≈## #.#


You could see a two-headed ogre and a killer bee.

Vanquished Creatures
  Sigmund (D:2)
  3 black bears
  2 centaurs (D:6)
  An ogre (D:3)
  A bullfrog (D:6)
  2 necrophages (D:6)
  A scorpion (D:5)
  A water moccasin zombie (D:6)
  8 wights (D:6)
  2 bullfrog zombies (D:6)
  A centaur zombie (D:6)
  A human zombie (D:6)
  A jelly (D:6)
  An orc priest (D:4)
  3 hounds
  Jessica (D:2)
  An orc wizard (D:4)
  A mummy (D:6)
  2 howler monkey zombies (D:6)
  3 gnolls (D:3)
  6 adders
  A white imp (D:5)
  3 worms
  A dart slug (D:1)
  10 orcs
  6 ball pythons
  7 endoplasms
  7 giant cockroaches
  5 goblins
  6 hobgoblins
  3 kobolds
  3 quokkas
  8 bats
  2 frilled lizards (D:1)
  7 rats
112 creatures vanquished.

Notes
Turn   | Place    | Note
-------+----------+-------------------------------------------
     0 | D:1      | AlexRAT the Minotaur Berserker began the quest for the Orb.
     0 | D:1      | Reached XP level 1. HP: 19/19 MP: 0/0
   249 | D:1      | Reached XP level 2. HP: 25/27 MP: 1/1
   577 | D:1      | Found a faded altar of an unknown god.
   882 | D:1      | Reached XP level 3. HP: 33/33 MP: 2/2
   924 | D:2      | Reached ** piety under Trog
   934 | D:2      | Noticed Jessica
   938 | D:2      | Killed Jessica
  1007 | D:2      | Noticed Sigmund
  1014 | D:2      | Killed Sigmund
  1015 | D:2      | Reached XP level 4. HP: 41/41 MP: 3/3
  1015 | D:2      | Reached XP level 5. HP: 47/47 MP: 4/4
  1265 | D:2      | Reached skill level 5 in Axes
  1412 | D:2      | Found a radiant altar of Vehumet.
  1424 | D:2      | Reached skill level 5 in Fighting
  1809 | D:3      | Found an opulent altar of Gozag.
  2020 | D:3      | Noticed an ogre
  2030 | D:3      | Killed an ogre
  2031 | D:3      | Reached XP level 6. HP: 26/56 MP: 5/5
  2853 | D:4      | Reached skill level 5 in Armour
  2853 | D:4      | Reached XP level 7. HP: 37/62 MP: 6/6
  2965 | D:4      | Identified the ring "Hiawirchi" {Int+5 Dex+6}
  3391 | D:5      | Entered Level 5 of the Dungeon
  3396 | D:5      | Reached *** piety under Trog
  3742 | D:6      | Reached skill level 5 in Dodging
  3857 | D:6      | Reached XP level 8. HP: 47/71 MP: 7/7
  4405 | D:6      | Found a basalt altar of Yredelemnul.
  4569 | D:6      | Noticed a two-headed ogre
  4577 | D:6      | Mangled by a two-headed ogre

Illustrated notes

Levels and vault maps discovered:
D:1:      psy_arrival_heroes, layout_basic, basic_ecumenical_altar
D:2:      layout_loops_cross, basic_altar, uniq_jessica, uniq_sigmund
D:3:      layout_loops_corners, nicolae_gozag_seed_capital
D:4:      layout_basic
D:5:      layout_basic, mainiacjoe_overflow_brackets
D:6:      kennysheep_big_flooded_room, layout_loops_corners,
          lemuel_mausoleum_altar_yredelemnul

Skill      XL: |  1  2  3  4  5  6  7  8 |
---------------+-------------------------+-----
Axes           | 4 5 6 7 |  7.9
Fighting       | 4 5 6 7 |  7.8
Armour         | 3 4 5 6 7 |  7.3
Dodging        | 3 4 5 6 |  6.7

Action                   |  1- 3 |  4- 6 |  7- 9 || total
-------------------------+-------+-------+-------++-------
Melee: Hand axe          |    67 |    74 |       ||   141
       Headbutt          |     8 |    26 |    18 ||    52
       Punch             |     2 |     1 |     2 ||     5
       Trident           |       |    15 |   106 ||   121
       Battleaxe         |       |       |    27 ||    27
Invok: Berserk           |     1 |     1 |     1 ||     3
 Stab: Sleeping          |     2 |       |       ||     2
Armor: Animal skin       |    14 |       |       ||    14
       Chain mail        |       |    27 |    45 ||    72
Dodge: Dodged            |    36 |    54 |    92 ||   182
